 Dungeon Crawl Stone Soup version 0.18-a0-1426-g3b9a63c (webtiles) character file.

86 M4edhros the Insei (level 4, -2/28 HPs)
             Began as an Octopode Artificer on Feb 28, 2016.
             Slain by an iguana (13 damage)
             ... on level 4 of the Dungeon.
             The game lasted 00:02:08 (1004 turns).

M4edhros the Insei (Octopode Artificer)             Turns: 1004, Time: 00:02:08

Health: -2/28      AC:  1    Str: 10    XL:     4   Next: 49%
Magic:  6/6        EV: 12    Int: 15    God:
Gold:   14         SH:  0    Dex: 12    Spells: 0 memorised, 3 levels left

rFire  . . .     SeeInvis .       - Unarmed
rCold  . . .     Gourm    .     (no shield)
rNeg   . . .     Faith    .     (helmet restricted)
rPois  .         Spirit   .     (no amulet)
rElec  .         Dismiss  .     (no ring)
rCorr  .         Reflect  .     (no ring)
SustAt .         Harm     .     (no ring)
MR     .....                    (no ring)
Stlth  +++.......               (no ring)
                                (no ring)
                                (no ring)
                                (no ring)

@: not resistant to hostile enchantments, fairly stealthy
A: almost no armour, amphibious, 8 rings, constrict 8, camouflage 1, gelatinous
body 1
a: no special abilities


You were on level 4 of the Dungeon.
You were not hungry.

You visited 1 branch of the dungeon, and saw 4 of its levels.

You collected 39 gold pieces.
You spent 25 gold pieces at shops.

Inventory:

Wands
 b - a wand of flame (15/48)
 c - a wand of enslavement (15/24)
 d - a wand of random effects (15/48)
 k - a wand of enslavement (11/24)
Scrolls
 e - a scroll of noise {unknown}
 g - a scroll of remove curse {unknown}
 i - a scroll of random uselessness {unknown}
 j - a scroll of teleportation {unknown}
Potions
 l - a potion of mutation
Comestibles
 a - a meat ration
 f - 2 bread rations


   Skills:
 - Level 1.0 Fighting
   Level 1.0 Short Blades
 - Level 2.0 Dodging
 - Level 1.3 Stealth
 + Level 4.0 Unarmed Combat
 - Level 3.2 Evocations


You had 3 spell levels left.
You didn't know any spells.

Dungeon Overview and Level Annotations

Branches:
Dungeon (4/15)
 Temple: D:4-7

Altars:

Shops:
D:4 !

Annotations:
D:2 Robin
D:4 Eustachio


Innate Abilities, Weirdness & Mutations

You cannot wear most types of armour.
You are amphibious.
You can wear up to eight rings at the same time.
You can use your tentacles to constrict eight enemies at once.
Your skin changes colour to match your surroundings (Stealth).
Your rubbery body absorbs attacks (AC +1).


Message History

You tentacle-slap the iguana. You grab the iguana. You squeeze the iguana.
The iguana is moderately wounded.
You constrict the iguana, but do no damage.
The iguana closely misses you.
You tentacle-slap the iguana but do no damage.
The iguana is moderately wounded.
You constrict the iguana. The iguana bites you.
You tentacle-slap the iguana.
The iguana is heavily wounded.
You constrict the iguana. The iguana closely misses you.
You tentacle-slap the iguana but do no damage.
The iguana is heavily wounded.
You constrict the iguana. The iguana bites you!
You tentacle-slap the iguana.
The iguana is severely wounded.
You constrict the iguana. The iguana bites you.
You tentacle-slap the iguana but do no damage.
The iguana is almost dead.
You constrict the iguana. The iguana bites you!
You die...

#..# #...# #..## #...
##..## #... #...## #...
##...### ##..#
##......### #...#
#.......... #..l#
##...##..... ##..@##
##....#.....#
.#.....###....##....##
#...............#....##
##....###...........##
#..## ###........## #..
#.#.#...## #.
#..∩.....##### #
###.#....)....
#....#######


You could see an iguana.

Vanquished Creatures
  2 orc wizards (D:4)
  An ooze (D:1)
  A giant gecko (D:1)
  3 orcs (D:4)
  A ball python (D:1)
  2 giant cockroaches
  2 hobgoblins (D:2)
  3 kobolds
  4 goblins
  6 rats (D:1)
25 creatures vanquished.

Notes
Turn   | Place    | Note
--------------------------------------------------------------
     0 | D:1      | M4edhros the Octopode Artificer began the quest for the Orb.
     0 | D:1      | Reached XP level 1. HP: 13/13 MP: 3/3
   128 | D:1      | Reached skill level 1 in Unarmed Combat
   162 | D:1      | Reached XP level 2. HP: 9/18 MP: 4/4
   345 | D:2      | Noticed Robin
   345 | D:2      | Reached skill level 2 in Unarmed Combat
   482 | D:2      | Reached XP level 3. HP: 17/23 MP: 5/5
   554 | D:2      | Found a faded altar to an unknown god.
   659 | D:4      | Noticed Eustachio
   709 | D:4      | Found Har Seid's Distillery.
   716 | D:4      | Reached skill level 3 in Unarmed Combat
   726 | D:4      | Reached XP level 4. HP: 8/28 MP: 6/6
   729 | D:4      | Reached skill level 4 in Unarmed Combat
   772 | D:4      | Bought a potion of mutation for 25 gold pieces
  1004 | D:4      | Slain by an iguana

Vault maps used:
D:1:      wheals_arrival_linesprint, serial_bayou_lagoon_a
D:2:      minitemple, first_bread, ecumenical_altar_2,
          okawaru_altar_gauntlet_db, uniq_robin, uniq_crazy_yiuf_cottage
D:3:      nemelex_deck, lemuel_doored_altar, gammafunk_temple_overflow_wave,
          uniq_iyjb
D:4:      lemuel_zombie_altar_kikubaaqudgha, ashenzari_conservatory_becter,
          serial_shops, nicolae_shop_crystal, minmay_crystal_water,
          kennysheep_windowed_goal, uniq_eustachio

Skill      XL: |  1  2  3  4 |
---------------+-------------+-----
Unarmed Combat | 1 2 3 4 |  4.0
Fighting       | |  1.0
Short Blades   | |  1.0
Dodging        | |  2.0
Stealth        | |  1.3
Evocations     | |  3.2

Action                   |  1- 3 |  4- 6 || total
-------------------------+-------+-------++-------
Melee: Unarmed           |    56 |     9 ||    65
  Use: Potion            |     2 |       ||     2
 Stab: Sleeping          |     3 |       ||     3
  Eat: Chunk             |       |     1 ||     1
